 Dungeon Crawl Stone Soup version 0.21-a0-67-g3f13d09 (webtiles) character file.

11 Gorglomux the Grasshopper (level 2, 0/24 HPs)
             Began as a Gnoll Warper on June 17, 2017.
             Slain by a kobold (3 damage)
             ... on level 1 of the Dungeon.
             The game lasted 00:00:39 (478 turns).

Gorglomux the Grasshopper (Gnoll Warper)             Turns: 478, Time: 00:00:40

Health: 0/24       AC:  3    Str: 10    XL:     2   Next: 25%
Magic:  3/6        EV: 12    Int: 13    God:
Gold:   10         SH:  0    Dex: 13    Spells: 6/8 levels left

rFire    . . .     SeeInvis .   a - +0 short sword
rCold    . . .     Gourm    .   (no shield)
rNeg     . . .     Faith    .   b - +0 leather armour
rPois    .         Spirit   .   (no helmet)
rElec    .         Reflect  .   (no cloak)
rCorr    .         Harm     .   (no gloves)
MR       .....                  (no boots)
Stlth    ++........             (no amulet)
HPRegen  0.08/turn              (no ring)
MPRegen  0.10/turn              (no ring)

@: very slightly contaminated
A: short attention span, fangs 1, strong nose
a: no special abilities


You were on level 1 of the Dungeon.
You were not hungry.

You visited 1 branch of the dungeon, and saw 1 of its levels.

You collected 10 gold pieces.

Inventory:

Hand Weapons
 a - a +0 short sword (weapon)
Missiles
 e - 5 tomahawks of dispersal (quivered)
Armour
 b - a +0 leather armour (worn)
Scrolls
 B - a scroll of blinking
 E - a scroll of remove curse {unknown}
Potions
 F - a potion of heal wounds {unknown}
Books
 c - a book of Spatial Translocations

   Spells                             Type                      Level
   a - Blink                          Translocation                2
   b - Shroud of Golubria             Charms/Translocation         2
   c - Lesser Beckoning               Translocation                3
   d - Gell's Gravitas                Translocation                3
   e - Teleport Other                 Translocation                3
   f - Passage of Golubria            Translocation                4
Comestibles
 f - a bread ration
 C - a fruit
 D - 4 chunks of flesh


   Skills:
 - Level 3.2 Fighting
 + Level 4.1 Short Blades
 - Level 1.7 Throwing
 - Level 1.7 Armour
 - Level 3.2 Dodging
 + Level 1.9 Stealth
 - Level 3.6 Spellcasting
 - Level 4.8 Translocations


You had 6 spell levels left.
You knew the following spells:

 Your Spells              Type           Power        Failure   Level  Hunger
h - Shroud of Golubria    Chrm/Tloc      #.........   16%         2    ##.....


Dungeon Overview and Level Annotations

Branches:
Dungeon (1/15)

Altars:
Nemelex Xobeh


Innate Abilities, Weirdness & Mutations

You have a short attention span.
You have very sharp teeth.
Your uncanny sense of smell can sniff out nearby items.


Message History

No target in view!
Something evokes its amulet.
No target in view!
Something barely misses you.
Your shroud bends something's attack away.
You closely miss something. Something hits you.
Your shroud falls apart!
You barely miss something. Something hits you.
You miss something. Something hits you. x2
You closely miss something. Something hits you but does no damage.
You miss something. Something hits you.
* * * LOW HITPOINT WARNING * * *
Casting: Shroud of Golubria
Confirm with . or Enter, or press ? or * to list all spells.
You miscast Shroud of Golubria.
You are very lightly contaminated with residual magic.
You feel a wrenching sensation. Something hits you.
* * * LOW HITPOINT WARNING * * *
Something hits you.
You die...

.............#.#..)....#.#
####.#########.........#.#
.# #..# ###.##.#.##.##.#
##.# #.##.#.##.##.# #.#
#.# ...##.##.# ## ### #.#
#..##.##.# .## #.... #.#
#..##.##.####. ..##....
#.##.###..#..........
..##...
#..{@.(.(.(..........
..##..#
.########.######.#####
..##..## .. #......รท.#
..##...##... #......#.#
............ ##.###.#.#
...........# #.# #.#.#
.<##..##### #.# #.#.#
..##..###### #.###.#.#
...........## #.....#.#


There were no monsters in sight!

Vanquished Creatures
  A leopard gecko (D:1)
  A giant cockroach (D:1)
  2 goblins (D:1)
  A hobgoblin (D:1)
  2 bats (D:1)
  A frilled lizard (D:1)
  A kobold (D:1)
9 creatures vanquished.

Notes
Turn   | Place    | Note
-------+----------+-------------------------------------------
     0 | D:1      | Gorglomux the Gnoll Warper began the quest for the Orb.
     0 | D:1      | Reached XP level 1. HP: 18/18 MP: 5/5
   291 | D:1      | Reached skill level 1 in Stealth
   297 | D:1      | Reached XP level 2. HP: 24/24 MP: 6/6
   347 | D:1      | Found a sparkling altar of Nemelex Xobeh.
   404 | D:1      | Learned a level 2 spell: Shroud of Golubria
   478 | D:1      | Slain by a kobold

Vault maps used:
D:1:      minmay_arrival_four_loops, nemelex_diamond_rough_becter

Skill      XL: |  1 |
---------------+----+-----
Stealth        | 1 |  1.9
Short Blades   | 4 |  4.1
Fighting       | |  3.2
Throwing       | |  1.7
Armour         | |  1.7
Dodging        | |  3.2
Spellcasting   | |  3.6
Translocations | |  4.8

Action                   || total
-------------------------++-------
Melee: Short sword       ||    40
       Bite              ||     4
 Cast: Shroud of Golubri ||     2
Armor: Leather armour    ||    10
Dodge: Dodged            ||    21
